 Dungeon Crawl Stone Soup version 0.31-a0-1308-ga3cce3a448 (webtiles) character file.

Game seed: 7099109294730643358

2854 senseless the Firebug (level 9, -1/57 HPs)
             Began as a Demonspawn Fire Elementalist on Dec 19, 2023.
             Was a Priest of Lugonu.
             Slain by a bullfrog (2 damage)
             ... on level 7 of the Dungeon.
             The game lasted 00:20:47 (8523 turns).

senseless the Firebug (DsFE)                        Turns: 8523, Time: 00:20:47

Health: -1/57      AC:  8    Str:  8    XL:     9   Next: 46%
Magic:  10/18      EV: 19    Int: 26    God:    Lugonu [***...]
Gold:   259        SH:  0    Dex: 14    Spells: 13/20 levels left

rFire   + . .        l - +1 hand axe (vamp)
rCold   x . .        (no shield)
rNeg    . . .        y - +2 leather armour {rPois}
rPois   +            t - +1 helmet
rElec   .            v - +0 cloak
rCorr   .            (no gloves)
SInv    .            (no boots)
Will    .....        (no amulet)
Stlth   ++           o - ring of fire
HPRegen 0.29/turn    r - +6 ring of intelligence
MPRegen 0.16/turn

%: no passive effects
@: agile, about to teleport
A: powered by pain 1, spiny 2, weakness stinger 1
a: Renounce Religion, Depart the Abyss, Banish


You were on level 7 of the Dungeon.
You worshipped Lugonu.
Lugonu was most pleased with you.
You visited 1 branch of the dungeon, and saw 7 of its levels.

You collected 259 gold pieces.

Inventory:

Hand Weapons
 l - a +1 vampiric hand axe (weapon)
 w - a +2 heavy spear
 A - a +1 dagger of venom
Missiles
 e - 4 curare-tipped darts
 n - 12 poisoned darts
Armour
 a - a +0 robe
 h - a +0 kite shield
 t - a +1 helmet (worn)
 v - a +0 cloak (worn)
 y - a +2 leather armour of poison resistance (worn)
Jewellery
 o - a ring of fire (left hand)
 q - a ring of fire
 r - a +6 ring of intelligence (right hand)
Wands
 s - a wand of flame (65)
 x - a wand of polymorph (8)
Scrolls
 f - 2 scrolls of poison
 j - 3 scrolls of revelation
Potions
 b - a potion of magic
 c - 2 potions of resistance
 d - 5 potions of heal wounds
 g - a potion of brilliance {unknown}
 i - a potion of enlightenment {unknown}
 k - 2 potions of attraction {unknown}
 m - 2 potions of berserk rage {unknown}
 p - a potion of mutation {unknown}
 z - a potion of curing {unknown}


   Skills:
 + Level 6.2 Dodging
 - Level 1.7 Stealth
 + Level 6.3 Spellcasting
 + Level 6.5 Conjurations
 + Level 6.6 Fire Magic


You had 13 spell levels left.
You knew the following spells:

 Your Spells              Type           Power      Damage    Failure   Level
a - Foxfire               Conj/Fire      100%       2x1d9     1%          1
b - Scorch                Fire           100%       2d9       1%          2
c - Flame Wave            Conj/Fire      59%        2d14      7%          4

Your spell library contained the following spells:

 Spells                   Type           Power      Damage    Failure   Level
 Momentum Strike          Conj/Tloc      50%        3d9       3%          2
 Inner Flame              Hex/Fire       38%        N/A       8%          3
 Volatile Blastmotes      Fire/Tloc      76%        2d16      8%          3
 Mephitic Cloud           Conj/Pois/Air  19%        N/A       12%         3
 Blink                    Tloc           16%        N/A       16%         2
 Lesser Beckoning         Tloc           16%        N/A       16%         2
 Poisonous Vapours        Pois/Air       16%        N/A       16%         2
 Freezing Cloud           Conj/Ice/Air   9%         6-21      73%         5
 Conjure Ball Lightning   Conj/Air       12%        3x3d6     98%         6
 Discord                  Hex            4%         N/A       100%        8
 Disjunction              Tloc           4%         N/A       100%        8


Dungeon Overview and Level Annotations

Branches:
Dungeon (7/15)
 Temple: D:4-7

Altars:
Hepliaklqana
Nemelex Xobeh
Sif Muna
Lugonu


Innate Abilities, Weirdness & Mutations

You sometimes gain a little power by taking damage.
You are mostly covered in sharp spines.
You have a small tail.


Message History

The steam dragon is struck by your spines.
The steam dragon closely misses you.
The steam dragon claws you but does no damage.
The white imp closely misses you.
The orc warrior hits you from afar with a +0 halberd!
You focus on the pain.
You feel your power returning. The steam dragon breathes steam at you.
The ball of steam misses you.
You hear a shout!
The bullfrog completely misses you. The white imp gestures at you.
The puff of frost hits you!
You feel a terrible chill!
The steam dragon is struck by your spines.
The steam dragon bites you. The steam dragon closely misses you.
The orc warrior hits you from afar with a +0 halberd!
* * * LOW HITPOINT WARNING * * *
You focus on the pain.
You feel agile all of a sudden. The steam dragon breathes steam at you.
The ball of steam hits you. You resist.
* * * LOW HITPOINT WARNING * * *
You hear a shout!
As you read the scroll of teleportation, it crumbles to dust.
You feel strangely unstable. The bullfrog is struck by your spines.
The bullfrog closely misses you.
The steam dragon is struck by your spines.
The steam dragon bites you.
* * * LOW HITPOINT WARNING * * *
The steam dragon claws you but does no damage.
The orc warrior barely misses you.
The steam dragon is struck by your spines.
The steam dragon misses you. x2
The bullfrog attacks as it pursues you! The bullfrog is struck by your spines.
The bullfrog misses you. The bullfrog completely misses you.
The white imp is engulfed in a cloud of scalding steam.
The bullfrog misses you.
The white imp is engulfed in a cloud of scalding steam.
The white imp dies!
The bullfrog attacks as it pursues you! The bullfrog hits you.
You die...

#......#...
#..)........
#...).......
#...).........
#o.)...........
#D.............
#D))§..........
#F..)§.........
#@.............
#..............
#..............
#..............
######.########
#........
#.#######
#.....#
#.###.##


You could see 2 steam dragons, an orc warrior and a bullfrog.

Vanquished Creatures
  Grinder (D:4)
  Eustachio (D:4)
  A steam dragon (D:6)
  3 water moccasins
  4 ice beasts
  A black bear (D:5)
  3 ogres
  A phantom (D:5)
  Blork the orc (D:4)
  2 kobold brigands (D:7)
  A gnoll sergeant (D:5)
  2 scorpions (D:6)
  A howler monkey (D:5)
  A jelly (D:4)
  5 hounds
  2 gnoll boudas
  2 orc priests (D:6)
  3 sleepcaps
  An iguana (D:4)
  Natasha (thrice) (D:3)
  5 orc wizards
  Robin (D:4)
  7 adders
  11 gnolls
  A shadow imp (D:6)
  2 ufetubi (D:5)
  2 worms (D:5)
  A dart slug (D:2)
  6 orcs
  2 ball pythons
  2 bats
  2 endoplasms (D:1)
  2 giant cockroaches
  13 goblins
  9 hobgoblins
  6 jackals (D:5)
  12 kobolds
  4 quokkas
  2 frilled lizards
  6 rats
135 creatures vanquished.

Vanquished Creatures (collateral kills)
  A foxfire (D:5)
1 creature vanquished.

Vanquished Creatures (others)
  A white imp (D:7)
  417 foxfires
418 creatures vanquished.

Grand Total: 554 creatures vanquished

Notes
Turn   | Place    | Note
-------+----------+-------------------------------------------
     0 | D:1      | senseless the Demonspawn Fire Elementalist began the quest
                  | for the Orb.
     0 | D:1      | Reached XP level 1. HP: 13/13 MP: 3/3
   325 | D:1      | Gained mutation: You are partially covered in sharp spines.
                  | [demonic ancestry]
   325 | D:1      | Reached XP level 2. HP: 19/19 MP: 0/5
   677 | D:1      | Learned a level 2 spell: Scorch
  1985 | D:2      | Reached XP level 3. HP: 24/24 MP: 0/6
  2274 | D:2      | Found a faded altar of an unknown god.
  2282 | D:2      | Prayed at the altar of an unknown god.
  2282 | D:2      | Became a worshipper of Lugonu the Unformed
  2282 | D:2      | Reached * piety under Lugonu
  3130 | D:3      | Noticed Natasha
  3134 | D:3      | Killed Natasha
  3135 | D:3      | Reached XP level 4. HP: 30/30 MP: 2/8
  3569 | D:3      | Noticed Natasha
  3572 | D:3      | Killed Natasha
  3983 | D:3      | Noticed Natasha
  3997 | D:3      | Killed Natasha
  4714 | D:4      | Noticed an ogre
  4721 | D:4      | Killed an ogre
  4722 | D:4      | Gained mutation: You have a small tail. [demonic ancestry]
  4722 | D:4      | Reached XP level 5. HP: 35/35 MP: 1/9
  4827 | D:4      | Found a shimmering blue altar of Sif Muna.
  4887 | D:4      | Noticed Blork the orc
  4992 | D:4      | Noticed Eustachio
  4996 | D:4      | Killed Eustachio
  4997 | D:4      | Reached XP level 6. HP: 41/41 MP: 1/11
  5276 | D:4      | Noticed Robin
  5281 | D:4      | Killed Robin
  5339 | D:4      | Learned a level 4 spell: Flame Wave
  5435 | D:4      | Killed Blork the orc
  5436 | D:4      | Gained mutation: You are mostly covered in sharp spines.
                  | [demonic ancestry]
  5436 | D:4      | Reached XP level 7. HP: 33/46 MP: 0/12
  5438 | D:4      | Reached ** piety under Lugonu
  5559 | D:4      | Noticed Grinder
  5568 | D:4      | Killed Grinder
  5672 | D:4      | Found a sparkling altar of Nemelex Xobeh.
  5904 | D:5      | Entered Level 5 of the Dungeon
  5982 | D:5      | Found a hazy altar of Hepliaklqana.
  6005 | D:5      | Reached skill level 5 in Fire Magic
  6005 | D:5      | Reached XP level 8. HP: 52/52 MP: 2/14
  6440 | D:5      | Reached skill level 5 in Spellcasting
  6440 | D:5      | Reached skill level 5 in Conjurations
  6587 | D:5      | Reached skill level 5 in Dodging
  7424 | D:6      | Gained mutation: You sometimes gain a little power by
                  | taking damage. [demonic ancestry]
  7424 | D:6      | Reached XP level 9. HP: 57/57 MP: 10/17
  8505 | D:7      | Reached *** piety under Lugonu
  8520 | D:7      | HP: 1/57 [steam dragon (6)]
  8523 | D:7      | Slain by a bullfrog

Illustrated notes

Levels and vault maps discovered:
D:1:      mrwooster_arrival_statue_2, layout_loops_ring,
          nicolae_twisty_statue_hallways
D:2:      layout_basic, hellmonk_ecumenical_altar_inner_sanctum
D:3:      layout_loops_corners, minmay_crystal_room,
          kennysheep_cross_bottleneck, uniq_natasha
D:4:      layout_basic, mainiacjoe_overflow_catch_the_wave, uniq_robin,
          uniq_grinder, uniq_blork_the_orc, uniq_eustachio
D:5:      layout_cave_pools, nicolae_hepliaklqana_hazy_memory,
          serial_gnoll_camp, gnoll_camp_mini_hut, gnoll_camp_mini_basic,
          gnoll_camp_mini_hut, gnoll_camp_mini_doghouse, corner_web_ring,
          nicolae_elevator_lobby_plus
D:6:      layout_gridville
D:7:      layout_basic, minmay_temple_entry_statues_pillars, serial_shops,
          nicolae_shop_back_alley_shop, minmay_fractal_squares_5

Skill      XL: |  1  2  3  4  5  6  7  8  9 |
---------------+----------------------------+-----
Dodging        | 2 3 4 5 6 |  6.2
Fire Magic     | 3 4 5 6 |  6.6
Conjurations   | 2 3 4 5 6 |  6.5
Spellcasting   | 3 4 5 6 |  6.3
Stealth        | |  1.7

Action                     |  1- 3 |  4- 6 |  7- 9 || total
---------------------------+-------+-------+-------++-------
  Melee: Unarmed           |     6 |       |       ||     6
         Hand axe          |    16 |    12 |    14 ||    42
         Tailslap          |       |     1 |     1 ||     2
   Cast: Foxfire           |    82 |    32 |   133 ||   247
         Scorch            |     3 |    17 |    34 ||    54
         Flame Wave        |       |       |     5 ||     5
    Use: Scroll            |       |     4 |     8 ||    12
   Stab: Sleeping          |     1 |       |       ||     1
 Armour: Robe              |    16 |    22 |    13 ||    51
         Leather armour    |       |       |    20 ||    20
  Dodge: Dodged            |    20 |    21 |    32 ||    73

Table legend: (Time is in decaauts)
 A = Elapsed time spent in this place.
 B = Non-inter-level travel time spent in this place.
 C = Inter-level travel time spent in this place.
 D = Time resting spent in this place.
 E = Time spent auto-exploring this place.
 F = Levels seen in this place.
 G = Mean time per level.
                   A        B        C        D        E       F      G
               +--------+--------+--------+--------+--------+-----+--------+
         Total |   8533 |   8295 |    238 |    205 |   7242 |   7 | 1219.0 |
       Dungeon |   8533 |   8295 |    238 |    205 |   7242 |   7 | 1219.0 |
               +--------+--------+--------+--------+--------+-----+--------+

Top non-repeatable levels by time:
     D:3: 2049 daAuts
     D:4: 1396 daAuts
     D:2: 1286 daAuts
     D:5: 1243 daAuts
     D:6: 1183 daAuts
     D:1: 1181 daAuts
     D:7: 194 daAuts
